 Dungeon Crawl Stone Soup version 0.29-a0-322-g68df515428 (console) character file.

Game seed: 13429074874945892858

16 Ignak the Skirmisher (level 2, -3/31 HPs)
             Began as an Ogre Warper on Apr 8, 2022.
             Succumbed to an adder's poison
             ... on level 2 of the Dungeon.
             The game lasted 00:01:35 (1008 turns).

Ignak the Skirmisher (Ogre Warper)                  Turns: 1008, Time: 00:01:35

Health: -3/31      AC:  3    Str: 14    XL:     2   Next: 54%
Magic:  5/5        EV:  9    Int: 14    God:
Gold:   22         SH:  0    Dex:  8    Spells: 4/6 levels left

rFire   . . .      SeeInvis .   a - +0 mace
rCold   . . .      Faith    .   (no shield)
rNeg    . . .      Spirit   .   b - +0 robe
rPois   .          Reflect  .   (helmet restricted)
rElec   .          Harm     .   (no cloak)
rCorr   .          Rampage  .   (gloves unavailable)
Will    .....                   (boots unavailable)
Stlth   +.........              (no amulet)
HPRegen 0.10/turn               (no ring)
MPRegen 0.09/turn               (no ring)

@: lethally poisoned (-3 -> -17)
A: large, unfitting armour, tough skin 1
a: no special abilities


You were on level 2 of the Dungeon.
You visited 1 branch of the dungeon, and saw 2 of its levels.

You collected 22 gold pieces.

Inventory:

Hand Weapons
 a - a +0 mace (weapon)
Missiles
 d - 7 boomerangs of dispersal (quivered)
Armour
 b - a +0 robe (worn)
Scrolls
 c - a scroll of blinking
Potions
 e - a potion of might {unknown}
 f - a potion of degeneration {unknown}
 g - 2 potions of heal wounds {unknown}


   Skills:
 + Level 3.0 Fighting
 + Level 1.9 Maces & Flails
 + Level 1.2 Throwing
 + Level 2.2 Dodging
 + Level 0.3 Unarmed Combat
 + Level 2.6 Spellcasting
 + Level 2.8 Translocations


You had 4 spell levels left.
You knew the following spells:

 Your Spells              Type           Power      Damage    Failure   Level
b - Blink                 Tloc           18%        N/A       11%         2

Your spell library contained the following spells:

 Spells                   Type           Power      Damage    Failure   Level
 Gell's Gravitas          Tloc           9%         N/A       21%         3
 Lesser Beckoning         Tloc           9%         N/A       21%         3
 Teleport Other           Tloc           9%         N/A       21%         3
 Manifold Assault         Tloc           9%         N/A       88%         5


Dungeon Overview and Level Annotations

Branches:
Dungeon (2/15)

Altars:


Innate Abilities, Weirdness & Mutations

You are too large for most types of armour.
You have tough skin. (AC +1)


Message History

The adder bites you.
You barely miss the adder.
The adder is moderately wounded.
The adder bites you. The adder bites you but does no damage.
You hit the adder.
The adder is moderately wounded.
The adder bites you but does no damage. The adder barely misses you.
You barely miss the adder.
The adder is moderately wounded.
The adder hisses angrily.
The adder bites you but does no damage.
You miss the adder.
The adder is moderately wounded.
The adder bites you.
You are poisoned.
The adder poisons you! The adder bites you.
You hit the adder.
The adder is heavily wounded.
You feel very sick. The adder bites you.
You are more poisoned.
The adder poisons you! The adder bites you but does no damage.
You barely miss the adder.
The adder is heavily wounded.
* * * LOW HITPOINT WARNING * * *
You feel sick. The adder bites you.
* * * LOW HITPOINT WARNING * * *
You are more poisoned.
The adder poisons you! The adder bites you.
* * * LOW HITPOINT WARNING * * *
You are more poisoned.
The adder poisons you!
You hit the adder.
The adder is severely wounded.
* * * LOW HITPOINT WARNING * * *
You feel very sick. The adder bites you but does no damage.
You closely miss the adder.
The adder is severely wounded.
You die...

#...... #. ##......
#S ........ #.
###..... #. #..(..
#S #..... #.
######## #.....
#.####......####.##.
#SS@.............##.
######......#######.
#......##### ##
#..........#
####.....[.#
#.......# #.......#
#########


You could see 2 adders.

Vanquished Creatures
  4 ball pythons
  2 endoplasms (D:1)
  A hobgoblin (D:1)
  A quokka (D:2)
  2 bats
  A frilled lizard (D:1)
  3 kobolds
  A rat (D:1)
15 creatures vanquished.

Notes
Turn   | Place    | Note
-------+----------+-------------------------------------------
     0 | D:1      | Ignak the Ogre Warper began the quest for the Orb.
     0 | D:1      | Reached XP level 1. HP: 22/22 MP: 3/3
   190 | D:1      | Reached XP level 2. HP: 25/29 MP: 5/5
   558 | D:1      | Learned a level 2 spell: Blink
   570 | D:1      | You fall into a shaft and drop 1 floor!
   633 | D:2      | Reached skill level 3 in Fighting
  1007 | D:2      | HP: 1/31 [poisoned by an adder]
  1008 | D:2      | Succumbed to an adder's poison

Illustrated notes

Levels and vault maps discovered:
D:1:      dpeg_arrival_fog, layout_rooms, hellmonk_ecumenical_altar_blasted,
          kennysheep_nondescript
D:2:      layout_basic

Skill      XL: |  1  2 |
---------------+-------+-----
Fighting       | 3 |  3.0
Maces & Flails | |  1.9
Throwing       | |  1.2
Dodging        | |  2.2
Unarmed Combat | |  0.3
Spellcasting   | |  2.6
Translocations | |  2.8

Action                   || total
-------------------------++-------
Melee: Mace              ||    63
Armor: Robe              ||    29
Dodge: Dodged            ||    33

Table legend: (Time is in decaauts)
 A = Elapsed time spent in this place.
 B = Non-inter-level travel time spent in this place.
 C = Inter-level travel time spent in this place.
 D = Time resting spent in this place.
 E = Time spent auto-exploring this place.
 F = Levels seen in this place.
 G = Mean time per level.
                   A        B        C        D        E       F      G
               +--------+--------+--------+--------+--------+-----+--------+
         Total |   1026 |   1026 |      0 |    629 |    227 |   2 |  513.0 |
       Dungeon |   1026 |   1026 |      0 |    629 |    227 |   2 |  513.0 |
               +--------+--------+--------+--------+--------+-----+--------+

Top non-repeatable levels by time:
     D:1: 578 daAuts
     D:2: 448 daAuts
